AoeStats
← HunterG

Arabia

509030217Analyzed
4v4 RM · 6d ago on Sep 25, 2026· 56m 23s· 8 players
Game mode
Random Map
Map size
Large (8 player)
Population
200
Speed
Normal
Resources
Standard
Victory
Conquest
Starting age
Dark Age
Ending age
Imperial Age
RankedLock teamsTeams togetherTeam positionsShared explorationLock speedFull tech treeHidden civsTurbo modeCheats
Victory
Defeat
🇲🇽 Slavs · Mexico
1044
+13
🇲🇽 Aztecs · Mexico
1022
+14
🇲🇽 Franks · Mexico
997
+15
🇲🇽 Magyars · Mexico
949
+17
🇺🇸 Franks · United States
1006
-16
🇨🇳 Shu · China
987
-15
🇨🇳 Magyars · China
964
-14
🇹🇼 Danes · Taiwan
961
-14
YJHAN
0:36 Loom
13:47 Feudal Age
13:48 Man-at-Arms
14:14 Arson
14:30 Town Watch
15:33 Forging
17:01 Double-Bit Axe
25:22 Castle Age
24:04 Fletching
30:12 Padded Archer Armor
31:38 Horse Collar
32:43 Stone Mining
Blitz818
9:24 Feudal Age
13:15 Forging
16:36 Scale Barding Armor
23:29 Castle Age
26:19 Iron Casting
28:00 Husbandry
28:31 Chain Barding Armor
31:21 Wheelbarrow
30:34 Loom
30:35 Town Watch
42:22 Imperial Age
42:48 Cavalier
45:25 Blast Furnace
44:33 Paladin
星之清风
8:19 Loom
11:35 Feudal Age
16:57 Gold Mining
18:13 Horse Collar
18:51 Double-Bit Axe
25:23 Castle Age
26:02 Wheelbarrow
25:12 Town Watch
25:27 Crossbowman
26:06 Fletching
27:05 Thumb Ring
27:45 Bow Saw
27:38 Heavy Plow
28:03 Stone Mining
31:31 Gold Shaft Mining
31:29 Pikeman
32:08 Bodkin Arrow
32:14 Scale Mail Armor
34:58 Forging
35:03 Chain Mail Armor
35:31 Masonry
37:06 Padded Archer Armor
40:51 Imperial Age
39:25 Ballistics
38:45 Treadmill Crane
42:36 Chemistry
40:59 Arbalester
41:43 Halberdier
44:10 Bracer
48:04 Conscription
48:21 Squires
48:55 Plate Mail Armor
48:43 Leather Archer Armor
51:14 Hoardings
949463290
11:06 Feudal Age
12:02 Double-Bit Axe
12:44 Horse Collar
18:58 Stone Mining
19:01 Gold Mining
22:36 Castle Age
22:16 Bloodlines
24:13 Bow Saw
28:37 Corvinian Army
30:26 Wheelbarrow
34:11 Imperial Age
35:20 Hand Cart
38:44 Husbandry
39:46 Elite Magyar Huszar
42:04 Two-Man Saw
44:51 Heavy Cavalry Archer
46:00 Parthian Tactics
52:42 Heavy Plow
54:11 Scale Barding Armor
Ozelote
4:16 Loom
13:07 Feudal Age
11:23 Loom
14:47 Man-at-Arms
22:12 Double-Bit Axe
23:06 Wheelbarrow
22:38 Horse Collar
23:50 Forging
25:24 Scale Mail Armor
25:15 Fletching
30:24 Castle Age
29:07 Gold Mining
29:07 Stone Mining
29:19 Arson
32:16 Iron Casting
31:38 Bodkin Arrow
31:36 Gambesons
31:51 Squires
32:10 Stone Mining
34:59 Bow Saw
34:21 Pikeman
35:24 Hand Cart
34:55 Town Watch
35:05 Crossbowman
37:00 Eagle Warrior
38:20 Heavy Plow
38:38 Chain Mail Armor
44:50 Atlatl
45:48 Elite Skirmisher
46:47 Padded Archer Armor
49:40 Imperial Age
53:24 Blast Furnace
54:11 Garland Wars
54:13 Conscription
56:13 Elite Eagle Warrior
9miniUzzi
7:55 Loom
10:36 Feudal Age
12:46 Double-Bit Axe
18:28 Wheelbarrow
19:06 Gold Mining
23:04 Castle Age
20:58 Stone Mining
26:19 Hand Cart
26:16 Bow Saw
26:43 Gold Shaft Mining
26:16 Scale Barding Armor
26:23 Forging
27:30 Husbandry
27:52 Chain Barding Armor
40:20 Imperial Age
38:47 Caravan
41:44 Plate Barding Armor
41:46 Iron Casting
41:07 Cavalier
42:22 Conscription
42:01 Town Watch
42:12 Fletching
43:01 Coinage
43:19 Paladin
44:55 Chivalry
45:47 Town Patrol
48:24 Blast Furnace
47:19 Bodkin Arrow
47:25 Padded Archer Armor
53:36 Leather Archer Armor
53:21 Scale Mail Armor
HunterG
7:43 Loom
10:22 Feudal Age
10:56 Double-Bit Axe
11:07 Horse Collar
17:23 Gold Mining
20:19 Castle Age
18:29 Man-at-Arms
19:23 Forging
19:15 Scale Mail Armor
23:33 Iron Casting
23:14 Chain Mail Armor
23:38 Long Swordsman
24:47 Bow Saw
26:54 Scale Barding Armor
29:51 Chain Barding Armor
30:13 Husbandry
30:48 Bloodlines
31:23 Pikeman
32:03 Squires
33:31 Wheelbarrow
35:25 Hand Cart
36:06 Town Watch
41:09 Imperial Age
43:25 Plate Mail Armor
43:50 Conscription
45:57 Halberdier
46:37 Two-Handed Swordsman
50:42 Blast Furnace
52:31 Champion
56:10 Champion
Garra_Jaguar
0:27 Loom
9:57 Feudal Age
17:43 Castle Age
27:06 Horse Collar
32:57 Bloodlines
33:52 Husbandry
34:43 Scale Barding Armor
36:26 Chain Barding Armor
36:14 Heavy Plow
39:29 Wheelbarrow
44:28 Imperial Age
42:14 Hand Cart
43:00 Fletching
43:17 Gold Mining
43:17 Stone Mining
44:33 Cavalier
45:35 Corvinian Army
45:37 Recurve Bow
46:28 Conscription
46:28 Elite Magyar Huszar
52:39 Plate Barding Armor
54:13 Paladin
54:44 Double-Bit Axe
Connection lost

Rejoining the realm…

Still unreachable

The connection could not be restored.

Session expired

The server has moved on; the page needs a fresh start.